 Dungeon Crawl Stone Soup version 0.30.0-18-gc0e69614cb (webtiles) character file.

Game seed: 2787561412900470287

3682 wingedge the Caller (level 10, -11/74 HPs)
             Began as a Human Wanderer on May 25, 2023.
             Was an Initiate of Gozag.
             Killed from afar by a steam dragon (21 damage)
             ... with a ball of steam
             ... on level 9 of the Dungeon.
             The game lasted 00:28:17 (9988 turns).

wingedge the Caller (Human Wanderer)                Turns: 9988, Time: 00:28:18

Health: -11/74     AC:  2    Str: 12    XL:     10   Next: 35%
Magic:  18/27      EV: 13    Int: 21    God:    Gozag
Gold:   1083       SH:  5    Dex: 15    Spells: 10/19 levels left

rFire   . . .        M - +2 morningstar (venom)
rCold   . . .        (no shield)
rNeg    . . .        c - +0 robe
rPois   .            (no helmet)
rElec   .            (no cloak)
rCorr   .            (no gloves)
SInv    .            (no boots)
Will    .....        N - amulet of reflection
Stlth   ++           s - +6 ring of intelligence
HPRegen 0.32/turn    L - ring of magical power
MPRegen 0.20/turn

%: reflection
@: gold aura, studying Transmutations
A: no striking features
a: Renounce Religion, Potion Petition, Call Merchant, Bribe Branch


You were on level 9 of the Dungeon.
You worshipped Gozag.
Gozag was most pleased with you.
You visited 1 branch of the dungeon, and saw 9 of its levels.

You collected 1174 gold pieces.
You spent 50 gold pieces at shops.
You paid 41 gold pieces to Gozag.

Inventory:

Hand Weapons
 d - a +1 whip of venom
 l - a +0 flail
 p - a +0 dagger of venom
 w - a +0 falchion
 x - a +2 hand axe of flaming
 B - a +2 flail of venom
 M - a +2 morningstar of venom (weapon)
Missiles
 D - 5 curare-tipped darts
Armour
 a - the +6 chain mail of Winter {Str+5 Dex+2 SInv}
   (You found it on level 2 of the Dungeon)

   Str:       It affects your strength (+5).
   Dex:       It affects your dexterity (+2).
   SInv:      It lets you see invisible.
 c - a +0 robe (worn)
 e - a +0 leather armour
 g - a +0 ring mail
Jewellery
 j - a ring of protection from cold
 s - a +6 ring of intelligence (left hand)
 u - a ring of willpower
 G - a ring of see invisible
 H - a +6 ring of dexterity
 L - a ring of magical power (right hand)
 N - an amulet of reflection (around neck)
 O - a ring of poison resistance
Wands
 P - a wand of mindburst (13)
 S - a wand of flame (16)
Scrolls
 i - 3 scrolls of teleportation
 r - a scroll of amnesia
 y - a scroll of fog {unknown}
 C - a scroll of vulnerability {unknown}
 F - a scroll of acquirement {unknown}
 I - a scroll of immolation {unknown}
 J - a scroll of magic mapping {unknown}
 K - a scroll of noise {unknown}
 R - a scroll of enchant armour {unknown}
Potions
 b - 3 potions of attraction
 h - 2 potions of lignification
 k - 2 potions of heal wounds {unknown}
 n - 2 potions of resistance {unknown}
 o - 2 potions of invisibility {unknown}
 q - 2 potions of berserk rage {unknown}
 v - 4 potions of might
 z - a potion of haste {unknown}
 A - a potion of mutation {unknown}
 E - a potion of brilliance {unknown}
 Q - a potion of flight {unknown}
Miscellaneous
 f - a phial of floods (inert) (quivered)


   Skills:
 + Level 5.3 Fighting
 + Level 1.2 Maces & Flails
 - Level 3.1 Armour
 + Level 3.4 Dodging
 + Level 3.6 Stealth
 - Level 2.0 Unarmed Combat
 + Level 5.4 Spellcasting
 + Level 5.0 Conjurations
 + Level 6.1 Summonings
 + Level 1.5 Ice Magic
 - Level 5.0 Earth Magic
 - Level 5.0 Evocations


You had 10 spell levels left.
You knew the following spells:

 Your Spells              Type           Power      Damage    Failure   Level
a - Call Canine Familiar  Summ           31%        N/A       2%          3
b - Stone Arrow           Conj/Erth      52%        3d10      4%          3
c - Hailstorm             Conj/Ice       19%        3d6       9%          3

Your spell library contained the following spells:

 Spells                   Type           Power      Damage    Failure   Level
 Dazzling Flash           Conj/Hex       32%        N/A       11%         3
 Animate Armour           Summ/Erth      58%        N/A       11%         4
 Gell's Gravitas          Tloc           5%         N/A       30%         3
 Portal Projectile        Hex/Tloc       10%        N/A       30%         3
 Teleport Other           Tloc           5%         N/A       30%         3
 Leda's Liquefaction      Hex/Erth       8%         N/A       36%         4
 Ice Form                 Ice/Tmut       8%         N/A       58%         4
 Anguish                  Hex/Necr       2%         N/A       71%         4
 Cause Fear               Hex            2%         N/A       71%         4
 Dispersal                Tloc           2%         N/A       100%        6
 Lehudib's Crystal Spear  Conj/Erth      13%        10d4      100%        8
 Chain Lightning          Conj/Air       8%         3d10      100%        9
 Fire Storm               Conj/Fire      8%         8d2       100%        9
 Shatter                  Erth           13%        3d13*     100%        9
 Simulacrum               Ice/Necr       Unusable   N/A       N/A         6

Dungeon Overview and Level Annotations

Branches:
Dungeon (10/15)            Temple (0/1) D:5
   Lair: D:8-11         Orc: D:9-12

Altars:
Ashenzari
Cheibriados
Dithmenos
Elyvilon
Fedhas
Gozag
Kikubaaqudgha
Makhleb
Qazlal
Ru
Uskayaw
Xom
Yredelemnul
The Shining One

Shops:
D:3 !


Message History

Confirm with . or Enter, or press ? or * to list all spells.
Aiming: Stone Arrow (dangerous; 4% risk of failure)
Press: ? - help, Shift-Dir - straight line, f - electric eel
Aim: an electric eel (lightly wounded, 53% to hit)
The stone arrow hits the electric eel!
You kill the electric eel!
You hear a splash.
The hound barks!
You hear a shout!
You are engulfed in a cloud of scalding steam.
The electric eel shoots out a bolt of lightning at you!
The bolt of electricity hits you!
The electric eel shoots out a bolt of lightning at you!
The bolt of electricity hits you! The steam dragon breathes steam at you.
The ball of steam hits you!!
* * * LOW HITPOINT WARNING * * *
You hear a bark!
You hear a howl!
You hear a bark! x3; You hear a shout! x2
Okay, then.
Really read the scroll of poison?
The air fills with toxic fumes!
As you read the scroll of poison, it crumbles to dust.
You are engulfed in a cloud of scalding steam.
* * * LOW HITPOINT WARNING * * *
Casting: Stone Arrow (dangerous; 4% risk of failure)
Confirm with . or Enter, or press ? or * to list all spells.
Aiming: Stone Arrow (dangerous; 4% risk of failure)
Press: ? - help, Shift-Dir - straight line, f - steam dragon
Aim: a steam dragon (water, 71% to hit)
The stone arrow hits the steam dragon!
The steam dragon is moderately wounded.
Casting: Stone Arrow (dangerous; 4% risk of failure)
Confirm with . or Enter, or press ? or * to list all spells.
Aiming: Stone Arrow (dangerous; 4% risk of failure)
Press: ? - help, Shift-Dir - straight line, f/p - steam dragon
Aim: a steam dragon (steam, moderately wounded, 71% to hit)
The stone arrow hits the steam dragon!
The steam dragon is severely wounded.
The steam dragon breathes steam at you. The ball of steam hits you!!
You die...
Your body crumbles into a pile of gold.

~≈≈~.~#.######..#...#.##
≈§§§§§#§# #..#..###
§≈§§§§#§# #..#.##
§§≈§§§§§# ####...##
§§§S≈§§§§.#......#
h§§§≈§§§#.#.#...###
§§§§§D§<#.#.#.....#
§§§§§§§§#.#.#.###.#
§§§§§§§@#.#.#.###.#
§§§§§§§§#.#.#.....#
§§§§§§.§#.#...#####
§§§§§§§§§.#...#
§S§§§§§###...## §§§§§§§
#....# §§§§§§§.......#
§§§§§§§###.......#
......# ...#.....


You could see a steam dragon (catching breath), a hound and an electric eel.

Vanquished Creatures
  A hornet (D:7)
  4 yaks
  Menkaure (D:7)
  A water moccasin (D:7)
  An orc warrior (D:7)
  4 black bears
  3 ice beasts
  A sky beast (D:7)
  An ogre (D:5)
  A phantom (D:5)
  2 bullfrogs
  2 scorpions
  2 wights (D:4)
  An electric eel (D:9)
  4 hounds
  An iron imp (D:5)
  An orc priest (D:4)
  A jelly (D:6)
  A sleepcap (D:4)
  4 iguanas
  8 orc wizards
  Terence (D:2)
  5 gnolls
  5 adders
  3 shadow imps
  A white imp (D:6)
  2 ufetubi
  A worm (D:4)
  3 dart slugs
  17 orcs
  7 bats
  6 endoplasms
  3 giant cockroaches
  9 goblins
  7 hobgoblins
  3 jackals (D:2)
  2 quokkas
  5 ball pythons
  2 frilled lizards
  14 kobolds
  4 rats
145 creatures vanquished.

Vanquished Creatures (collateral kills)
  Edmund (D:5)
  A black bear (D:5)
  2 kobold brigands
  A jelly (D:5)
  3 hounds
  An iguana (D:5)
  A white imp (D:6)
  An orc (D:6)
  A jackal (D:5)
  A kobold (D:10)
13 creatures vanquished.

Vanquished Creatures (others)
  A gnoll sergeant (D:6)
  2 scorpions (D:6)
  A hound (D:6)
  An adder (D:6)
  An orc (D:6)
6 creatures vanquished.

Grand Total: 164 creatures vanquished

Notes
Turn   | Place    | Note
-------+----------+-------------------------------------------
     0 | D:1      | wingedge the Human Wanderer began the quest for the Orb.
     0 | D:1      | wingedge set off with the following items: a +0 dagger, a
                  | potion of attraction, a potion of curing, a scroll of
                  | blinking, a +0 leather armour, a phial of floods.
     0 | D:1      | Reached XP level 1. HP: 15/15 MP: 1/1
   194 | D:1      | Reached XP level 2. HP: 21/22 MP: 2/2
   635 | D:1      | Reached XP level 3. HP: 25/28 MP: 3/3
  1293 | D:2      | Reached XP level 4. HP: 26/35 MP: 4/4
  1420 | D:2      | Identified the +6 chain mail of Winter {Str+5 Dex+2 SInv}
  1904 | D:2      | Noticed Terence
  1916 | D:2      | Killed Terence
  2277 | D:3      | Found an opulent altar of Gozag.
  2294 | D:3      | Became a worshipper of Gozag Ym Sagoz the Greedy
  2330 | D:3      | Reached skill level 1 in Armour
  2330 | D:3      | Reached XP level 5. HP: 33/41 MP: 5/5
  2594 | D:3      | Found Nayrrirph's Distillery.
  2607 | D:3      | Reached XP level 6. HP: 44/44 MP: 6/6
  2610 | D:3      | Bought a potion of might for 40 gold pieces
  2610 | D:3      | Bought a potion of degeneration for 10 gold pieces
  2681 | D:3      | Found a burning altar of Makhleb.
  2767 | D:3      | Found a white marble altar of Elyvilon.
  2950 | D:3      | Found a sacrificial altar of Ru.
  3039 | D:4      | Found a hide-covered altar of Uskayaw.
  3091 | D:4      | Noticed an ice beast
  3104 | D:4      | Reached skill level 1 in Summonings
  3135 | D:4      | Reached skill level 5 in Fighting
  3135 | D:4      | Reached skill level 1 in Spellcasting
  3135 | D:4      | Reached XP level 7. HP: 22/56 MP: 8/8
  3319 | D:3      | Learned a level 3 spell: Call Canine Familiar
  3345 | D:4      | Reached skill level 2 in Summonings
  4371 | D:5      | Entered Level 5 of the Dungeon
  4431 | D:5      | Noticed Edmund
  4440 | D:5      | Reached skill level 3 in Summonings
  4440 | D:5      | Reached XP level 8. HP: 13/62 MP: 11/11
  4448 | D:5      | HP: 3/62 [poisoned by Edmund]
  4928 | D:5      | Found a staircase to the Ecumenical Temple.
  5046 | D:5      | Reached skill level 1 in Conjurations
  5046 | D:5      | Reached skill level 1 in Earth Magic
  5152 | D:5      | Killed Edmund
  5319 | D:5      | Reached skill level 4 in Summonings
  5419 | D:5      | Reached XP level 9. HP: 21/68 MP: 11/14
  5599 | D:5      | Found a shadowy altar of Dithmenos.
  5634 | D:5      | Learned a level 3 spell: Stone Arrow
  5935 | D:5      | Found a glowing golden altar of the Shining One.
  6107 | D:5      | Found a snail-covered altar of Cheibriados.
  6488 | D:5      | Found a stormy altar of Qazlal.
  7008 | D:6      | Reached skill level 5 in Summonings
  7352 | D:6      | Found a basalt altar of Yredelemnul.
  7707 | D:6      | Reached skill level 5 in Spellcasting
  7978 | D:6      | Found a shimmering altar of Xom.
  8251 | D:6      | Found a broken altar of Ashenzari.
  8630 | D:7      | Noticed Menkaure
  8651 | D:7      | Reached XP level 10. HP: 64/74 MP: 17/17
  8702 | D:7      | Killed Menkaure
  8777 | D:7      | Learned a level 3 spell: Hailstorm
  9076 | D:7      | Reached skill level 1 in Maces & Flails
  9076 | D:7      | Reached skill level 6 in Summonings
  9076 | D:7      | Reached skill level 1 in Ice Magic
  9153 | D:7      | Found an ancient bone altar of Kikubaaqudgha.
  9203 | D:7      | Found a blossoming altar of Fedhas.
  9666 | D:7      | Reached skill level 5 in Conjurations
  9666 | D:7      | Reached skill level 5 in Earth Magic
  9821 | D:7      | Got Sif Muna's Atlas of Guile
  9830 | D:7      | You fall into a shaft and drop 3 floors!
  9830 | D:10     | Entered Level 10 of the Dungeon
  9988 | D:9      | Killed from afar by a steam dragon

Illustrated notes

Levels and vault maps discovered:
D:1:      minmay_arrival_four_houses, layout_basic
D:2:      layout_basic, minivault_27, uniq_terence
D:3:      layout_rooms, mainiacjoe_overflow_paths, mainiacjoe_overflow_alcove_4,
          nicolae_ru_the_path_less_chosen, bloody_makhleb, serial_shops,
          nicolae_shop_advertising_works [nicolae_subvault_shop_adworks],
          minmay_misc_feat_more_columns
D:4:      layout_basic, nicolae_uskayaw_dance_hall, minmay_manual_monstrance
D:5:      layout_basic, grunt_qazlal_sundering, kennysheep_mini_moat,
          chei_slow_surprise, mainiacjoe_overflow_boulevard,
          minmay_temple_entry_statues_fountains, minmay_joined_circles,
          uniq_edmund
D:6:      layout_rooms, nicolae_ashenzari_skybound, yredelemnul_altar_generic,
          xom_confusion_cloud, glass_columns_b
D:7:      layout_basic, mainiacjoe_overflow_alcove_1,
          lemuel_coloured_pillars_altar, uniq_menkaure
D:9:      layout_loops_ring, nicolae_overflow_crystal_walls,
          amethyst_overflow_temple_binary, erik_lair_island,
          serial_co_window_serial, co_window_paths_a,
          co_window_of_opportunity_a, co_window_corner_a, co_window_corner_a,
          co_window_of_opportunity_a, co_window_paths_b, co_window_paths_b,
          co_window_of_opportunity_c, co_window_broadway_c,
          co_window_of_opportunity_b, co_window_paths_c, co_window_broadway_b,
          co_window_paths_d, glass_columns_b, glass_columns_a, glass_columns_c,
          enter_bailey_3, uniq_maggie
D:10:     layout_small_grid, trog_ov_bears_minmay, minmay_starry_boxes,
          uniq_amaemon

Skill      XL: |  1  2  3  4  5  6  7  8  9 10 |
---------------+-------------------------------+-----
Fighting       | 2 3 4 5 |  5.3
Stealth        | 2 3 |  3.6
Armour         | 1 2 3 |  3.1
Summonings     | 1 3 4 5 6 |  6.1
Spellcasting   | 1 2 3 5 |  5.4
Dodging        | 3 |  3.4
Conjurations   | 2 4 5 |  5.0
Earth Magic    | 2 4 5 |  5.0
Maces & Flails | 1 |  1.2
Ice Magic      | 1 |  1.5
Unarmed Combat | |  2.0
Evocations     | |  5.0

Action                     |  1- 3 |  4- 6 |  7- 9 | 10-12 || total
---------------------------+-------+-------+-------+-------++-------
  Melee: Dagger            |    77 |   100 |       |       ||   177
         Short sword       |    45 |       |       |       ||    45
         Punch             |     3 |     4 |     3 |       ||    10
         Flail             |    27 |       |    57 |       ||    84
         Hand axe          |       |    36 |   112 |       ||   148
         Morningstar       |       |       |       |     3 ||     3
   Cast: Call Canine Famil |       |       |    22 |     3 ||    25
         Stone Arrow       |       |       |    52 |    36 ||    88
         Hailstorm         |       |       |       |     2 ||     2
  Evoke: Phial of floods   |     1 |     1 |     3 |       ||     5
    Use: Scroll            |       |     2 |     1 |     5 ||     8
         Potion            |       |     1 |     3 |       ||     4
   Stab: Confused          |       |     1 |       |       ||     1
         Distracted        |       |     1 |       |       ||     1
         Fleeing           |       |       |     1 |       ||     1
 Armour: Ring mail         |    48 |     3 |       |       ||    51
         Leather armour    |     2 |       |       |       ||     2
         Chain mail        |       |    66 |    42 |       ||   108
         Robe              |       |       |    18 |     2 ||    20
  Dodge: Dodged            |    70 |    47 |   132 |     5 ||   254
  Block: Other             |       |       |       |     3 ||     3
         Reflection        |       |       |       |     1 ||     1
